 Dungeon Crawl Stone Soup version 0.27.1-4-g1640c2035a (webtiles) character file.

Game seed: 13446180491603461068

2580 Stomo444 the Cudgeller (level 9, -5/51 HPs)
             Began as a Vine Stalker Monk on Nov 9, 2021.
             Was an Elder of Okawaru.
             Slain by a wolf (9 damage)
             ... on level 8 of the Dungeon.
             The game lasted 00:10:26 (6913 turns).

Stomo444 the Cudgeller (Vine Stalker Monk)          Turns: 6913, Time: 00:10:27

Health: -5/51      AC:  3    Str: 16 (17) XL:     9   Next: 58%
Magic:  0/10       EV: 14    Int: 15 (16) God:    Okawaru [****..]
Gold:   587        SH:  0    Dex: 14 (17) Spells: 8/8 levels left

rFire    . . .     SeeInvis .   p - +0 flail
rCold    . . .     Faith    .   (no shield)
rNeg     . . .     Spirit   +   b - +0 robe
rPois    .         Reflect  .   (no helmet)
rElec    .         Harm     .   (no cloak)
rCorr    .         Rampage  .   (no gloves)
Will     +....                  d - +0 pair of boots
Stlth    ++++......             (no amulet)
HPRegen  1.17/turn              C - ring of Shadows {Umbra +Inv Stlth+}
MPRegen  0.12/turn              K - +6 ring of intelligence

@: wreathed by umbra
A: fangs 3, regeneration 1, magic shield, antimagic bite, no potion heal 2
a: Renounce Religion, Evoke Invisibility, Heroism


You were on level 8 of the Dungeon.
You worshipped Okawaru.
Okawaru was greatly pleased with you.
You visited 2 branches of the dungeon, and saw 9 of its levels.
You also visited: Ossuary.

You collected 587 gold pieces.

Inventory:

Hand Weapons
 a - a +0 mace
 p - a +0 flail (weapon)
Missiles
 s - a throwing net (quivered)
Armour
 b - a +0 robe (worn)
 d - a +0 pair of boots (worn)
 n - a +0 helmet
 I - the +0 helmet of Abstinence {Int+4 Dex+2}
   (You found it on level 7 of the Dungeon)

   Int:       It affects your intelligence (+4).
   Dex:       It affects your dexterity (+2).
Jewellery
 C - the ring of Shadows (left hand) {Umbra +Inv Stlth+}
   (You found it on level 6 of the Dungeon)

   [ring of stealth]

   It surrounds you with an aura of shadow, increasing your stealth and reducing
   the accuracy of all within it (including the wearer).
   +Inv:      It lets you turn invisible.
   Stlth:     It makes you more stealthy.
 F - a ring of protection from fire
 K - a +6 ring of intelligence (right hand)
Wands
 j - a wand of iceblast (7)
 G - a wand of flame (13)
 H - a wand of paralysis (13)
Scrolls
 c - 4 scrolls of magic mapping {unknown}
 f - 3 scrolls of teleportation {unknown}
 h - 10 scrolls of identify {unknown}
 i - a scroll of vulnerability {unknown}
 l - a scroll of fog {unknown}
 m - a scroll of fear {unknown}
 q - 5 scrolls of noise {unknown}
 r - a scroll of immolation {unknown}
 t - 3 scrolls of amnesia {unknown}
 u - a scroll of summoning {unknown}
 y - a scroll of holy word {unknown}
 D - a scroll of enchant weapon {unknown}
 E - a scroll of enchant armour {unknown}
Potions
 e - 5 potions of curing
 g - 3 potions of degeneration
 k - 4 potions of heal wounds {unknown}
 o - 3 potions of lignification {unknown}
 v - 2 potions of cancellation {unknown}
 w - 3 potions of brilliance {unknown}
 x - a potion of resistance {unknown}
 z - 3 potions of attraction {unknown}
 A - a potion of haste {unknown}
 B - a potion of might {unknown}
 J - a potion of invisibility {unknown}


   Skills:
 * Level 7.9 Fighting
 * Level 7.9 Maces & Flails
 + Level 5.3 Dodging
 - Level 2.4 Stealth


You had 8 spell levels left.
You didn't know any spells.
Your spell library contained the following spells:

 Spells                   Type           Power      Damage    Failure   Level
 Summon Small Mammal      Summ           0%         N/A       26%         1
 Call Canine Familiar     Summ           0%         N/A       63%         3
 Inner Flame              Hex/Fire       0%         N/A       63%         3
 Ozocubu's Armour         Ice            0%         N/A       63%         3
 Summon Guardian Golem    Hex/Summ       0%         N/A       63%         3
 Cause Fear               Hex            0%         N/A       95%         4
 Petrify                  Tmut/Erth      0%         N/A       95%         4
 Fireball                 Conj/Fire      0%         3d3       100%        5
 Metabolic Englaciation   Hex/Ice        0%         N/A       100%        5
 Starburst                Conj/Fire      0%         6d3       100%        6
 Statue Form              Tmut/Erth      0%         N/A       100%        6
 Ozocubu's Refrigeration  Ice            0%         4d5       100%        7
 Discord                  Hex            0%         N/A       100%        8
 Ignition                 Fire           0%         3d3       100%        8


Dungeon Overview and Level Annotations

Branches:
Dungeon (8/15)             Temple (1/1) D:5         Ossuary (visited)
   Lair: D:8-11

Altars:
Ashenzari
Cheibriados
Dithmenos
Elyvilon
Fedhas
Gozag
Hepliaklqana
Kikubaaqudgha
Makhleb
Nemelex Xobeh
Okawaru
Qazlal
Ru
Sif Muna
Trog
Uskayaw
Vehumet
Wu Jian
Xom
Yredelemnul
Zin
The Shining One

Shops:
D:3 [   D:8 =

Annotations:
D:4 3 runed translucent doors, Icepheonix32's ghost, amateur DsTm
D:6 2 transporters, barney's ghost, novice DrTm


Innate Abilities, Weirdness & Mutations

You have razor-sharp teeth.
Your natural rate of healing is unusually fast.
When hurt, damage is shared between your health and your magic reserves.
Your bite disrupts and absorbs the magic of your enemies.
Potions cannot restore your health.


Message History

A black bear comes into view.
You miss the wolf. You bite the wolf. You drain its power.
You feel invigorated.
The wolf is severely wounded.
The wolf bites you but does no damage. The wolf bites you!
You hit the wolf but do no damage. Your bite misses the wolf.
The wolf is severely wounded.
The wolf bites you! The wolf bites you.
You miss the wolf. Your bite misses the wolf.
The wolf is severely wounded.
The wolf bites you! The wolf bites you. The wolf misses you.
Okay, then.
The wolf bites you!
* * * LOW HITPOINT WARNING * * *
The wolf bites you.
* * * LOW HITPOINT WARNING * * *
The wolf howls!
The wolf bites you!
* * * LOW HITPOINT WARNING * * *
You open the door. The wolf closely misses you.
The bullfrog closely misses you. The wolf completely misses you.
There is an open door here.
The wolf bites you but does no damage. The wolf bites you.
* * * LOW HITPOINT WARNING * * *
The wolf misses you. The wyvern bites you!
* * * LOW HITPOINT WARNING * * *
The wolf bites you but does no damage. The wolf misses you.
It was a potion of curing.
That felt strangely inert.
The wolf bites you but does no damage. The wolf bites you.
* * * LOW HITPOINT WARNING * * *
It was a potion of degeneration.
There was something very wrong with that liquid.
You feel weakened.
You feel dopey.
You feel clumsy. The wolf bites you!
You die...

....'.....'..........## #.#
..###.....####.#.#.#..####.#
..# ####.## #.#...........#
..######.# #.#...........#
.........# #.#....h......#
...####### #.#lh.l.......# .
...# ..#F#+###'###.###(..
...# ..#h#......l.l......
..## ..#@######.##.###...
### #........##.# .
#######...#l# ## #.#.#.# .
.# #.#.#h# ##. .+ #.#...#...
. .# #.##..#.##.. .+
#........l.. .# ...
#.......#...


You could see a wyvern, 2 wolves and a bullfrog.

Vanquished Creatures
  A wyvern (D:8)
  A wraith (Ossuary)
  A basilisk (D:8)
  2 water moccasins
  A hornet zombie (D:7)
  An ice beast (D:6)
  An ogre (D:5)
  2 black bears
  4 bullfrogs
  6 scorpions
  A water moccasin zombie (D:5)
  3 howler monkeys
  2 bullfrog zombies
  A human zombie (Ossuary)
  A hound (D:5)
  6 orc priests
  2 jellies
  A centaur skeleton (D:5)
  A bullfrog skeleton (D:4)
  3 iguanas
  4 mummies
  3 gnolls (D:4)
  A howler monkey skeleton (D:6)
  5 adders
  2 white imps
  An adder skeleton (D:2)
  A worm (D:2)
  2 dart slugs
  13 orcs
  7 ball pythons
  3 endoplasms
  4 giant cockroaches
  7 hobgoblins
  3 jackals (D:1)
  3 kobolds
  A quokka (D:3)
  3 bats
  5 frilled lizards
  A gnoll zombie (Ossuary)
  4 goblins
  2 goblin zombies (Ossuary)
  A hobgoblin zombie (Ossuary)
  3 kobold zombies (Ossuary)
  7 rats
127 creatures vanquished.

Vanquished Creatures (others)
  A bush (D:8)
  2 fungi (D:8)
  15 plants (D:8)
18 creatures vanquished.

Grand Total: 145 creatures vanquished

Notes
Turn   | Place    | Note
-------+----------+-------------------------------------------
     0 | D:1      | Stomo444 the Vine Stalker Monk began the quest for the Orb.
     0 | D:1      | Reached XP level 1. HP: 11/11 MP: 2/2
   216 | D:1      | Reached XP level 2. HP: 13/16 MP: 3/3
  1053 | D:1      | Reached XP level 3. HP: 20/20 MP: 4/4
  1523 | D:2      | Found a faded altar of an unknown god.
  2009 | D:3      | Found Cofusyd's Antique Armour Boutique.
  2072 | D:3      | Gained mutation: Your natural rate of healing is unusually
                  | fast. [Vine Stalker growth]
  2072 | D:3      | Reached XP level 4. HP: 8/24 MP: 3/5
  2792 | D:4      | Found a runed translucent gate.
  2792 | D:4      | Found a runed translucent gate.
  2793 | D:4      | Found a runed translucent gate.
  2793 | D:4      | Noticed Icepheonix32's ghost (amateur DsTm)
  2865 | D:4      | Noticed a scorpion
  2877 | D:4      | Killed a scorpion
  2878 | D:4      | Reached XP level 5. HP: 14/29 MP: 3/6
  2969 | D:4      | Reached XP level 6. HP: 15/33 MP: 3/7
  3404 | D:4      | Found an ancient bone altar of Kikubaaqudgha.
  3574 | D:5      | Entered Level 5 of the Dungeon
  3734 | D:5      | Found a staircase to the Ecumenical Temple.
  3806 | Temple   | Entered the Ecumenical Temple
  3864 | Temple   | Became a worshipper of Warmaster Okawaru
  3864 | Temple   | Reached * piety under Okawaru
  3864 | Temple   | Reached ** piety under Okawaru
  3925 | D:5      | Found a bloodstained altar of Trog.
  3948 | D:5      | Reached skill level 5 in Fighting
  3948 | D:5      | Reached skill level 5 in Maces & Flails
  3948 | D:5      | Reached XP level 7. HP: 39/39 MP: 8/8
  4062 | D:5      | Found a white marble altar of Elyvilon.
  4168 | D:5      | Found a sand-covered staircase.
  4181 | Ossuary  | Entered an ossuary
  4181 | Ossuary  | Noticed a wraith
  4181 | Ossuary  | Noticed a wraith
  4181 | Ossuary  | Noticed a wraith
  4607 | Ossuary  | Noticed a wraith
  4617 | Ossuary  | Killed a wraith
  4700 | D:5      | Gained mutation: You have razor-sharp teeth. [Vine Stalker
                  | growth]
  4700 | D:5      | Reached XP level 8. HP: 25/44 MP: 6/9
  4850 | D:6      | Found the ring of Shadows {Umbra +Inv Stlth+}
  4856 | D:6      | Found a shimmering blue altar of Sif Muna.
  4995 | D:6      | Found a radiant altar of Vehumet.
  4997 | D:6      | Found a basalt altar of Yredelemnul.
  4997 | D:6      | Found a stormy altar of Qazlal.
  5200 | D:6      | Reached *** piety under Okawaru
  5349 | D:6      | Noticed barney's ghost (novice DrTm)
  5350 | D:6      | Found a transporter.
  5357 | D:6      | Found a transporter.
  5374 | D:6      | Found a hide-covered altar of Uskayaw.
  5795 | D:7      | Reached XP level 9. HP: 29/50 MP: 5/10
  5910 | D:7      | Found a burning altar of Makhleb.
  6053 | D:7      | Identified the +0 helmet of Abstinence {Int+4 Dex+2}
  6292 | D:7      | Reached skill level 5 in Dodging
  6505 | D:8      | Found Dineum's Jewellery Emporium.
  6513 | D:8      | Reached **** piety under Okawaru
  6791 | D:8      | Noticed a six-headed hydra
  6908 | D:8      | HP: 1/51 [wyvern (13)]
  6913 | D:8      | Slain by a wolf

Illustrated notes

Levels and vault maps discovered:
D:1:      dpeg_arrival_more_subterranean_lakeside_camping, layout_loops_ring
D:2:      layout_loops_ring, hellmonk_ecumenical_altar_crossroads, minivault_24
D:3:      minmay_general_purpose_star, layout_loops_ring, serial_shops,
          nicolae_shop_temple_entry_statues_fountains, grunt_decor_clamped
D:4:      layout_loops_cross, lemuel_round_altar, ebering_ghost_rock_garden
D:5:      layout_rooms, nicolae_elyvilon_peaceful_grove, trog_book,
          minmay_temple_entry_arrows, gup_ossuary_entry_pyramid, glass_columns_a
D:6:      layout_loops_ring, lemuel_crystal_altar,
          nicolae_overflow_quartered_altars, gammafunk_ghost_smash
D:7:      kennysheep_spiral_hall, layout_basic, mainiacjoe_overflow_paths
D:8:      layout_basic, minmay_lair_entry_grove, serial_shops,
          nicolae_shop_temple_entry_statues_fountains
Temple:   cyrus_circular_temple

Skill      XL: |  1  2  3  4  5  6  7  8  9 |
---------------+----------------------------+-----
Fighting       | 3 4 5 7 |  7.9
Maces & Flails | 3 4 5 6 7 |  7.9
Dodging        | 3 4 5 |  5.3
Stealth        | |  2.4

Action                   |  1- 3 |  4- 6 |  7- 9 || total
-------------------------+-------+-------+-------++-------
Melee: Mace              |   114 |    62 |    19 ||   195
       Bite              |    24 |    31 |   111 ||   166
       Flail             |       |    45 |   305 ||   350
Invok: Heroism           |       |       |     1 ||     1
  Use: Potion            |       |       |     2 ||     2
 Stab: Sleeping          |    12 |     7 |     7 ||    26
       Distracted        |       |     1 |       ||     1
Armor: Robe              |    24 |    13 |    47 ||    84
Dodge: Dodged            |    72 |    84 |   251 ||   407
